 Dungeon Sprint DCSS version 0.17-a0-1805-g6093636 (webtiles) character file.

25 nuthulu the Skirmisher (level 3, 0/24 HPs)
             Began as a Gargoyle Berserker on Sept 12, 2015.
             Was a Believer of Trog.
             Slain by Crazy Yiuf
             ... wielding a +3 quarterstaff of chaos
              (4 damage)
             ... in the Dungeon (Sprint III: "The Ten Rune Challenge").
             The game lasted 00:00:46 (277 turns).

nuthulu the Skirmisher (Gargoyle Berserker)          Turns: 277, Time: 00:00:46

Health: 0/24       AC:  0    Str: 20    XL:     3   Next: 4%
Magic:  3/3        EV: 14    Int:  7    God:    Trog [**....]
Gold:   0          SH:  0    Dex: 10    Spells: 0 memorised, 2 levels left

rFire  . . .     SeeInvis .     (weapon currently unavailable)
rCold  . . .     Clarity  .     (armour currently unavailable)
rNeg   + . .     SustAt   .     (shield currently unavailable)
rPois  ∞         Gourm    .     (helmet currently unavailable)
rElec  .         Spirit   .     (cloak currently unavailable)
rCorr  .         Warding  .     (gloves currently unavailable)
rMut   .         NoTele   +     (boots currently unavailable)
MR     ++...                    (no amulet)
Stlth  +.........               (ring currently unavailable)
                                (ring currently unavailable)

@: pig-form, regenerating, very quick, very resistant to hostile enchantments,
very unstealthy
A: negative energy resistance 1, (electricity resistance), (unbreathing),
petrification resistance, rot immunity, AC +3
a: Burn Spellbooks, Berserk, Trog's Hand, Renounce Religion


You were in the Dungeon.
You worshipped Trog.
Trog was pleased with you.
You were not hungry.
You were a filthy swine.
You visited 1 branch

Inventory:

Hand weapons
 a - a +0 mace (melded)
Armour
 b - a +0 animal skin
 j - a cursed -1 leather armour (melded)
Scrolls
 i - a scroll of blinking
Potions
 d - a potion of curing
 e - a potion of heal wounds
 f - a potion of haste
 g - 2 potions of magic
 h - a potion of berserk rage
Comestibles
 c - a bread ration
 k - 2 chunks of flesh


   Skills:
 + Level 4.7 Fighting
 + Level 4.2 Maces & Flails
 + Level 3.6 Armour
 + Level 2.6 Dodging


You had 2 spell levels left.
You didn't know any spells.

Dungeon Overview and Level Annotations

Branches:
Dungeon (1/1)

Altars:

Annotations:
D Crazy Yiuf


Innate Abilities, Weirdness & Mutations

You are resistant to torment.
((Your stone body is resilient (AC +3).))
You are immune to poison.
You resist negative energy.
((You are resistant to electric shocks.))
((You can survive without breathing.))
You are immune to petrification.
You are immune to rotting.


Message History

Crazy Yiuf hits you with a quarterstaff of chaos!
Ouch! That really hurt!
You hit Crazy Yiuf.
Crazy Yiuf is moderately wounded.
Crazy Yiuf zaps a wand.
You resist with almost no effort.
You sock Crazy Yiuf!
Crazy Yiuf is almost dead.
Crazy Yiuf zaps a wand.
You turn into a filthy swine.
Your +0 mace melds into your body.
Your cursed -1 leather armour melds into your body.
Really attack barehanded?
You closely miss Crazy Yiuf.
Crazy Yiuf is almost dead.
Crazy Yiuf zaps a wand.
You resist with almost no effort.
You closely miss Crazy Yiuf.
Crazy Yiuf is almost dead.
Crazy Yiuf hits you with a quarterstaff of chaos!
* * * LOW HITPOINT WARNING * * *
Crazy Yiuf burns you.
You die...

▓...#......##
▓..##.......# ..#
▓##.##.##...# ..#
##.##.###..# #..#
▓#.####.##..# ...+
▓.###§§##..## #...#
▓#...§§##..###....#
###..##...##.....#
##..##....#.hg...#
#..###..##.#.....#
#..# #.. ####....#
▓▓▓▓ ▓▓▓ ▓▓▓▓▓


You could see Crazy Yiuf.

Vanquished Creatures
  A human (D)
  An ooze (D)
  3 rats (D)
5 creatures vanquished.

Vanquished Creatures (others)
  2 draconian scorchers (D)
  A yaktaur (D)
  2 plants (D)
5 creatures vanquished.

Grand Total: 10 creatures vanquished

Notes
Turn   | Place    | Note
--------------------------------------------------------------
     0 | D        | nuthulu the Gargoyle Berserker began the quest for the Orb.
     0 | D        | Reached XP level 1. HP: 14/14 MP: 1/1
    89 | D        | Acquired Trog's second power
    89 | D        | Reached skill level 4 in Fighting
   100 | D        | Killed a yaktaur
   145 | D        | Killed a white draconian scorcher
   152 | D        | Reached XP level 2. HP: 18/20 MP: 2/2
   155 | D        | Killed a white draconian scorcher
   207 | D        | Reached XP level 3. HP: 24/24 MP: 3/3
   271 | D        | Noticed Crazy Yiuf
   277 | D        | Slain by Crazy Yiuf

Vault maps used:
D:        dungeon_sprint_mu

Action                   || total
-------------------------++-------
Melee: Mace              ||    19
       Unarmed           ||     2
Invok: Berserk           ||     1
       Trog's Hand       ||     1
  Use: Scroll            ||     1
